 Dungeon Crawl Stone Soup version 0.30-a0-883-g5ad918d77d (webtiles) character file.

Game seed: 17132376953527270180

2935 112233 the Covert (level 9, -6/49 (51) HPs)
             Began as an Octopode Enchanter on Mar 15, 2023.
             Was an Initiate of Gozag.
             Mangled by an orc
             ... wielding a +0 flail
              (8 damage)
             ... on level 8 of the Dungeon.
             The game lasted 00:11:18 (6791 turns).

112233 the Covert (Octopode Enchanter)              Turns: 6791, Time: 00:11:18

HP:   -6/49 (51)    AC:  1    Str: 14    XL:     9   Next: 80%
MP:   17/17         EV: 20    Int: 21    God:    Gozag
Gold: 99            SH:  0    Dex: 12    Spells: 11/19 levels left

rFire   . . .      SeeInvis .    t - +2 short sword (drain)
rCold   . . .      Faith    .    (no shield)
rNeg    . . .      Spirit   .    (helmet restricted)
rPois   .          Reflect  .    (no amulet)
rElec   .          Rampage  .    k - +6 ring of strength
rCorr   .                        r - +5 ring of evasion
Will    .....                    (no ring)
Stlth   +++++                    (no ring)
HPRegen 0.28/turn                (no ring)
MPRegen 0.15/turn                (no ring)
                                 (no ring)
                                 (no ring)

@: about to teleport, lightly drained
A: almost no armour, amphibious, 8 rings, camouflage 1, gelatinous body 1,
(nimble swimmer 1), tentacles
a: Renounce Religion, Potion Petition, Call Merchant, Bribe Branch


You were on level 8 of the Dungeon.
You worshipped Gozag.
Gozag was noncommittal.
You visited 1 branch of the dungeon, and saw 8 of its levels.

You collected 617 gold pieces.
You paid 518 gold pieces to Gozag.

Inventory:

Hand Weapons
 a - a +1 dagger
 t - a +2 short sword of draining (weapon)
Armour
 o - a +0 buckler
Magical Staves
 g - a staff of death
Jewellery
 k - a +6 ring of strength (left tentacle)
 r - a +5 ring of evasion (right tentacle)
 y - an amulet of reflection
Wands
 j - a wand of flame (1)
 v - a wand of mindburst (7)
Scrolls
 b - a scroll of fear {unknown}
 c - 2 scrolls of vulnerability
 f - a scroll of noise {unknown}
 h - a scroll of immolation {unknown}
 l - 3 scrolls of blinking
 m - a scroll of amnesia
 n - a scroll of teleportation
 p - 2 scrolls of magic mapping
 s - a scroll of poison {unknown}
 x - a scroll of enchant weapon {unknown}
Potions
 d - 3 potions of lignification
 e - 4 potions of attraction {unknown}
 q - a potion of magic {unknown}
 u - 2 potions of haste {unknown}
 w - a potion of brilliance


   Skills:
 - Level 1.3 Short Blades
 + Level 6.3 Dodging
 + Level 9.6 Stealth
 - Level 5.0 Shields
 + Level 5.8 Spellcasting
 + Level 6.7 Hexes


You had 11 spell levels left.
You knew the following spells:

 Your Spells              Type           Power      Damage    Failure   Level
a - Ensorcelled Hibernat  Hex/Ice        40%        N/A       3%          2
b - Tukima's Dance        Hex            34%        N/A       1%          3
c - Confusing Touch       Hex            34%        N/A       1%          3

Your spell library contained the following spells:

 Spells                   Type           Power      Damage    Failure   Level
 Slow                     Hex            100%       N/A       1%          1
 Dazzling Flash           Conj/Hex       40%        N/A       8%          3
 Cigotuvi's Dreadful Rot  Necr/Pois/Air  12%        N/A       16%         2
 Poisonous Vapours        Pois/Air       12%        N/A       16%         2
 Fulminant Prism          Conj/Hex       10%        3d9       24%         4
 Ignite Poison            Fire/Tmut/Pois 6%         N/A       30%         3
 Kindle Blastsparks       Fire/Tloc/Air  12%        2d11      30%         3
 Mephitic Cloud           Conj/Pois/Air  6%         N/A       30%         3
 Vampiric Draining        Necr           6%         2d6       30%         3
 Yara's Violent Unravell  Hex/Tmut       10%        3d6       56%         5
 Iskenderun's Mystic Bla  Conj/Tloc      6%         2d4       69%         4
 Passage of Golubria      Tloc           6%         N/A       69%         4
 Freezing Cloud           Conj/Ice/Air   3%         6-21      95%         5
 Lee's Rapid Deconstruct  Erth           3%         3d5*      95%         5


Dungeon Overview and Level Annotations

Branches:
Dungeon (8/15)               Lair (0/5) D:8
 Temple: D:4-7

Altars:
Dithmenos
Gozag
Makhleb
Okawaru
Sif Muna
Vehumet
Wu Jian
Xom
Zin
The Shining One

Shops:
D:1 (

Annotations:
D:4 exclusion: downstairs
D:7 exclusion: downstairs
D:8 1 runed translucent door, mn3067's ghost, novice GrBe


Innate Abilities, Weirdness & Mutations

You cannot wear most types of armour.
You are amphibious.
You can wear up to eight rings at the same time.
Your skin changes colour to match your surroundings (Stealth+).
Your rubbery body absorbs attacks. (AC +1, EV +1)
((You are camouflaged when in or above water. (Stealth+)))
You have tentacles for arms and can constrict up to eight enemies at once.


Message History

Found a leather armour.
Found a shimmering altar of Xom.
Found a runed translucent door.
Unknown command.
The orc attacks as you move away! The orc completely misses you.
The orc attacks as you move away! The orc hits you with a +0 flail!
A gnoll comes into view. It is wielding a +0 spear.
A gnoll comes into view. It is wielding a +0 whip.
Blink to where?
Press: ? - help, Dir - move target, f - you, p - orc warrior Are you sure you want to cancel this blink?
Blink to where?
Press: ? - help, Dir - move target
As you read the scroll labelled KUFFAJ LAASM, it crumbles to dust.
It was a scroll of blinking.
A gnoll bouda comes into view. It is wielding a +0 whip of draining.
A bullfrog comes into view.
As you read the scroll labelled JEVAIC HIHA, it crumbles to dust.
It is a scroll of amnesia.
Really abort (and waste the scroll)?
Okay, then.
As you read the scroll labelled FEIQEIMEASM, it crumbles to dust.
You feel strangely unstable.
It was a scroll of teleportation.
The orc warrior hits you with a +0 war axe!
* * * LOW HITPOINT WARNING * * *
Unknown command.
You feel better. The wight closely misses you.
The orc warrior closely misses you.
Unknown command.
The orc warrior attacks as you move away!
The orc warrior closely misses you. The wight attacks as you move away!
The wight hits you with a +0 short sword.
You feel drained.
A gnoll comes into view.
It is wielding a +0 club and wearing a +0 chain mail of positive energy.
Unknown command.
The orc warrior attacks as you move away!
The orc warrior hits you with a +0 war axe!
* * * LOW HITPOINT WARNING * * *
The orc attacks as you move away! The orc hits you with a +0 flail!
You die...
Your body crumbles into a pile of gold.

... .....................## ....
...................$..#
.....................##
...................$.##
......................##
................#..##..#
..........z..###..####z.
........o...####..# ##.
.......@z...###..## #.
........o...##..ยง# ## .
.............g...###...# . .#
#.............F.##(#...# ..
..##...............#.W+.... ...
P..#...............##.#.... ....
.P.#..............#.###.......#..
..............g...### ..g..####..
............ #..g...


You could see an orc warrior, a bullfrog (wandering), a gnoll bouda (wandering),
2 wights, a gnoll (wandering) and an orc.

Vanquished Creatures
  Pikel (D:5)
  Sigmund (D:5)
  A wyvern (D:7)
  4 water moccasins
  2 ice beasts
  A sky beast (D:7)
  3 black bears
  An ogre (D:7)
  A phantom (D:5)
  5 scorpions
  A howler monkey (D:5)
  2 crimson imps
  A jelly (D:7)
  4 orc priests
  2 hounds
  5 iguanas
  2 orc wizards
  2 sleepcaps
  A gnoll (D:2)
  8 adders
  A shadow imp (D:6)
  An ufetubus (D:6)
  A worm (D:2)
  3 dart slugs
  11 orcs
  6 ball pythons
  10 endoplasms
  2 giant cockroaches (D:2)
  8 goblins
  7 hobgoblins
  8 jackals
  6 kobolds
  4 quokkas
  2 bats
  3 frilled lizards
  2 goblin skeletons (D:8)
  A hobgoblin zombie (D:8)
  2 kobold skeletons (D:8)
  A kobold zombie (D:8)
  An orc skeleton (D:8)
  An orc zombie (D:8)
  8 rats
137 creatures vanquished.

Vanquished Creatures (others)
  A dancing weapon (D:5)
1 creature vanquished.

Grand Total: 138 creatures vanquished

Notes
Turn   | Place    | Note
-------+----------+-------------------------------------------
     0 | D:1      | 112233 the Octopode Enchanter began the quest for the Orb.
     0 | D:1      | Reached XP level 1. HP: 11/11 MP: 3/3
   386 | D:1      | Reached XP level 2. HP: 17/17 MP: 5/5
   402 | D:1      | Found Wixkiloe's Antique Weapon Emporium.
   700 | D:1      | Reached XP level 3. HP: 17/21 MP: 6/6
   773 | D:1      | Learned a level 2 spell: Ensorcelled Hibernation
  1182 | D:2      | Found a glowing silver altar of Zin.
  1771 | D:2      | Reached XP level 4. HP: 27/27 MP: 7/7
  1831 | D:2      | Learned a level 3 spell: Tukima's Dance
  2173 | D:3      | Found a shimmering altar of Xom.
  2186 | D:3      | Reached skill level 5 in Stealth
  2776 | D:4      | Reached XP level 5. HP: 28/31 MP: 9/9
  3420 | D:4      | Noticed a water moccasin
  3442 | D:4      | Killed a water moccasin
  3443 | D:4      | Reached XP level 6. HP: 21/36 MP: 4/10
  3757 | D:5      | Entered Level 5 of the Dungeon
  3758 | D:5      | Found an ornate altar of the Wu Jian Council.
  3759 | D:5      | Found a shadowy altar of Dithmenos.
  3760 | D:5      | Found an iron altar of Okawaru.
  3783 | D:5      | Reached skill level 6 in Stealth
  3878 | D:5      | Noticed Sigmund
  3879 | D:5      | Noticed Pikel
  4014 | D:5      | Killed Sigmund
  4015 | D:5      | Reached skill level 1 in Shields
  4015 | D:5      | Reached XP level 7. HP: 16/41 MP: 12/12
  4125 | D:5      | Killed Pikel
  4126 | D:5      | Reached skill level 7 in Stealth
  4126 | D:5      | Reached skill level 5 in Hexes
  4126 | D:5      | Reached XP level 8. HP: 24/46 MP: 5/14
  4463 | D:5      | Found a shimmering blue altar of Sif Muna.
  4642 | D:5      | Reached skill level 5 in Dodging
  4708 | D:5      | Learned a level 3 spell: Confusing Touch
  4807 | D:5      | Reached skill level 8 in Stealth
  5303 | D:6      | Found a burning altar of Makhleb.
  5304 | D:6      | Found a radiant altar of Vehumet.
  5377 | D:7      | Reached skill level 5 in Spellcasting
  5502 | D:7      | Reached XP level 9. HP: 51/51 MP: 16/16
  5988 | D:7      | Found an opulent altar of Gozag.
  5999 | D:7      | Became a worshipper of Gozag Ym Sagoz the Greedy
  6046 | D:7      | Reached skill level 9 in Stealth
  6247 | D:8      | Noticed a death yak
  6247 | D:8      | Noticed an elephant
  6247 | D:8      | Found a staircase to the Lair.
  6664 | D:8      | Found a glowing golden altar of the Shining One.
  6747 | D:8      | Reached skill level 5 in Shields
  6775 | D:8      | Found a runed translucent door.
  6775 | D:8      | Found a shimmering altar of Xom.
  6775 | D:8      | Noticed mn3067's ghost (novice GrBe)
  6778 | D:8      | Noticed a +1 mace of chaos
  6791 | D:8      | HP: 2/49 [orc warrior/+0 war axe (14)]
  6791 | D:8      | Mangled by an orc

Illustrated notes

Levels and vault maps discovered:
D:1:      heliophobic_arrival_dark_side_of_the_moon, layout_basic, serial_shops,
          shop, nicolae_figureground_pulse
D:2:      minmay_diamond_boxcup, layout_loops_corners, basic_altar,
          serial_rivers, chequers_serial_rivers_small_b,
          chequers_serial_rivers_room_a, chequers_serial_rivers_micro_e,
          chequers_serial_rivers_large_a, chequers_serial_rivers_micro_b,
          chequers_serial_rivers_room_b, nicolae_figureground_sparkle
D:3:      layout_basic, amcnicky_altar_gilded, kennysheep_doodads
D:4:      layout_basic, kennysheep_small_spiral, kennysheep_generic_room_16
D:5:      layout_loops_cross, nicolae_overflow_quartered_altars, uniq_sigmund,
          uniq_pikel
D:6:      layout_layer_cave, grunt_temple_overflow_lords_of_destruction,
          nicolae_yredelemnul_corpse_copse, minmay_temple_entry_hall,
          cheibrodos_sewer_entry_bend, uniq_grinder
D:7:      layout_basic, grunt_gozag_breadcrumbs
D:8:      layout_layer_cave, nicolae_tso_besieged_by_evil, david_lair_generic,
          enter_bailey_5, ebering_ghost_xom, minmay_misc_feat_cross

Skill      XL: |  1  2  3  4  5  6  7  8  9 |
---------------+----------------------------+-----
Stealth        | 5 6 7 8 9 |  9.6
Dodging        | 3 4 5 6 |  6.3
Spellcasting   | 3 4 5 |  5.8
Hexes          | 4 5 6 |  6.7
Shields        | 1 2 3 5 |  5.0
Short Blades   | |  1.3

Action                     |  1- 3 |  4- 6 |  7- 9 || total
---------------------------+-------+-------+-------++-------
  Melee: Dagger            |    74 |   111 |    72 ||   257
         Tentacles         |    13 |    18 |    33 ||    64
         Constrict         |    15 |    14 |    25 ||    54
         Punch             |     2 |     1 |     1 ||     4
         Short sword       |       |       |    85 ||    85
   Cast: Ensorcelled Hiber |       |    10 |    49 ||    59
         Tukima's Dance    |       |       |     2 ||     2
         Confusing Touch   |       |       |     5 ||     5
 Invoke: Potion Petition   |       |       |     1 ||     1
  Evoke: Wand              |       |       |     8 ||     8
    Use: Potion            |       |     6 |     7 ||    13
         Scroll            |       |       |     5 ||     5
   Stab: Sleeping          |    14 |    14 |    27 ||    55
         Invisible         |       |     2 |       ||     2
         Confused          |       |       |     2 ||     2
         Distracted        |       |       |     1 ||     1
 Armour: Skin              |     7 |    19 |    29 ||    55
  Dodge: Dodged            |    26 |    48 |   133 ||   207

Table legend: (Time is in decaauts)
 A = Elapsed time spent in this place.
 B = Non-inter-level travel time spent in this place.
 C = Inter-level travel time spent in this place.
 D = Time resting spent in this place.
 E = Time spent auto-exploring this place.
 F = Levels seen in this place.
 G = Mean time per level.
                   A        B        C        D        E       F      G
               +--------+--------+--------+--------+--------+-----+--------+
         Total |   6777 |   6471 |    306 |    251 |   5015 |   8 |  847.1 |
       Dungeon |   6777 |   6471 |    306 |    251 |   5015 |   8 |  847.1 |
               +--------+--------+--------+--------+--------+-----+--------+

Top non-repeatable levels by time:
     D:5: 1197 daAuts
     D:7: 1090 daAuts
     D:2: 1028 daAuts
     D:1: 1016 daAuts
     D:4: 1013 daAuts
     D:3: 717 daAuts
     D:6: 424 daAuts
     D:8: 291 daAuts
